 Dungeon Crawl Stone Soup version 0.30.0-15-g856e2d3f33 (webtiles) character file.

Game seed: 3692417821990196561

101 qw the Chopper (level 4, -8/28 HPs)
             Began as a Gargoyle Fighter on May 20, 2023.
             Blown up by Ijyb (10 damage)
             ... with a mindburst bolt
             ... on level 3 of the Dungeon.
             The game lasted 00:00:47 (1242 turns).

qw the Chopper (Gargoyle Fighter)                   Turns: 1242, Time: 00:00:48

Health: -8/28      AC: 10    Str: 22    XL:     4   Next: 75%
Magic:  4/4        EV:  9    Int:  8    God:
Gold:   37         SH:  4    Dex:  9    Spells: 3/3 levels left

rFire   + . .        Y - +0 war axe
rCold   . . .        c - +0 buckler
rNeg    + . .        b - +0 scale mail
rPois   inf          (no helmet)
rElec   +            (no cloak)
rCorr   .            (no gloves)
SInv    .            (no boots)
Will    .....        (no amulet) Stlth
                     f - ring of protection from fire
HPRegen 0.24/turn    (no ring)
MPRegen 0.09/turn

%: no passive effects
@: no status effects
A: sickness immunity, AC +3, negative energy resistance 1, electricity
resistance, torment resistance 1, petrification resistance
a: no special abilities


You were on level 3 of the Dungeon.
You visited 1 branch of the dungeon, and saw 3 of its levels.

You collected 37 gold pieces.


Innate Abilities, Weirdness & Mutations

You are immune to sickness and miasma.
Your stone body is resilient. (AC +3)
You are immune to poison.
You resist negative energy. (rN+)
You are resistant to electric shocks. (rElec)
You are resistant to unholy torment.
You are immune to petrification.


   Skills:
 - Level 3.2 Fighting
 + Level 4.3 Axes
 - Level 3.2 Armour
 - Level 3.2 Shields


You had 3 spell levels left.
You didn't know any spells.
Your spell library was empty.

Inventory:

Hand Weapons
 i - a +0 whip
 Y - a +0 war axe (weapon)
Armour
 b - a +0 scale mail (worn)
 c - a +0 buckler (worn)
Jewellery
 f - a ring of protection from fire (left hand)
 g - an amulet of faith
Scrolls
 a - 5 scrolls of identify
Potions
 d - 2 potions of might
 e - a potion of resistance {unknown}
 h - a potion of curing {unknown}
 l - a potion of flight {unknown}

Dungeon Overview and Level Annotations

Branches:
Dungeon (2/15)

Altars:
Elyvilon

Annotations:
D:3 Ijyb


Message History

A bat is nearby!
You miss the bat. The bat closely misses you. You block the bat's attack.
You closely miss the bat. The bat barely misses you.
The bat hits you but does no damage.
You slash the bat!
You kill the bat!
d - 2 potions of might (gained 1) Ijyb the Twisted Goblin comes into view.
She is wielding a +0 dagger, wearing a +2 leather armour of fire resistance and carrying a wand of mindburst (14).
Found a book of Unlife.
Ijyb shouts!
Ijyb zaps a wand.
You barely resist.
1231 ||| Stepping ~*~*~tactically~*~*~ (hiding).
You start waiting.
A ball python comes into view.
The ball python closely misses you. The ball python grabs you.
The ball python constricts you.
You slash the ball python!
You kill the ball python!
Ijyb zaps a wand.
Your mind is blasted!
Ouch! That really hurt!
Found a white marble altar of Elyvilon.
Ijyb hits you with a +0 dagger.
You hit Ijyb.
Ijyb is lightly wounded.
Ijyb hits you with a +0 dagger.
You slash Ijyb!
Ijyb is heavily wounded.
Ijyb zaps a wand.
Your mind is blasted!
You hit Ijyb.
Ijyb is severely wounded.
Ijyb hits you but does no damage. x2
You closely miss Ijyb.
Ijyb is severely wounded.
Ijyb hits you but does no damage.
You closely miss Ijyb.
Ijyb is severely wounded.
Ijyb zaps a wand.
Your mind is blasted!
You die...

..............# .#
#####..%.......# ..#
#..............#
..~~######.....#####
7..~# #.###.# ...:..
##.# ...#
_.7...###..# ...#
.......#...# ...#
#.g@..## .# #.....#
#...### ......
........ ##......#
#...#.... ...#..##.


You could see Ijyb.

Vanquished Creatures
  3 adders (D:2)
  A gnoll (D:2)
  A worm (D:2)
  2 dart slugs
  4 ball pythons
  3 endoplasms
  3 giant cockroaches
  8 goblins
  5 hobgoblins (D:1)
  5 jackals
  2 quokkas
  5 bats
  A frilled lizard (D:2)
  4 kobolds
  5 rats
52 creatures vanquished.

Notes
Turn   | Place    | Note
-------+----------+-------------------------------------------
     0 | D:1      | qw the Gargoyle Fighter began the quest for the Orb.
     0 | D:1      | Reached XP level 1. HP: 14/14 MP: 1/1
     0 | D:1      | 0 ||| qw: Version: 0.2-a-97-g499787f
     0 | D:1      | 0 ||| qw: Game counter: 35
     0 | D:1      | 0 ||| qw: Always use a shield: true
     0 | D:1      | 0 ||| qw: God list: Okawaru
     0 | D:1      | 0 ||| qw: Allow faded altars: false
     0 | D:1      | 0 ||| qw: Do Orc after D:15 true
     0 | D:1      | 0 ||| qw: Do second Lair branch before Depths: true
     0 | D:1      | 0 ||| qw: Lair rune preference: random
     0 | D:1      | 0 ||| qw: Plans: Normal, Zot:1-4, God:TSO, Crypt, Tomb,
                  | Pan, Slime:5, Hells, Abyss, Win
     0 | D:1      | 0 ||| PLANNING D:1-11
    36 | D:1      | Reached skill level 2 in Axes
    75 | D:1      | 75 ||| Stepping ~*~*~tactically~*~*~ (stealth).
    87 | D:1      | Reached XP level 2. HP: 16/19 MP: 2/2
   232 | D:1      | 232 ||| Stepping ~*~*~tactically~*~*~ (stealth).
   384 | D:1      | Reached skill level 3 in Axes
   474 | D:1      | 474 ||| Stepping ~*~*~tactically~*~*~ (hiding).
   480 | D:1      | Reached XP level 3. HP: 23/23 MP: 3/3
   577 | D:1      | 577 ||| Stepping ~*~*~tactically~*~*~ (stealth).
   795 | D:1      | 795 ||| DROPPING +3 leather armour.
   796 | D:1      | 796 ||| UPGRADING to ring of protection from fire.
   797 | D:1      | 797 ||| READING 2 scrolls labelled ROYWUO QUM RIP.
   798 | D:1      | 798 ||| READING 3 scrolls labelled NOFOUT HOWATT.
   799 | D:1      | 799 ||| DROPPING 2 scrolls of fear.
   858 | D:2      | 858 ||| Stepping ~*~*~tactically~*~*~ (stealth).
  1048 | D:2      | Reached XP level 4. HP: 28/28 MP: 4/4
  1055 | D:2      | Reached skill level 4 in Axes
  1093 | D:2      | 1093 ||| DROPPING +0 club.
  1155 | D:2      | 1155 ||| Stepping ~*~*~tactically~*~*~ (stealth).
  1157 | D:2      | 1157 ||| Stepping ~*~*~tactically~*~*~ (stealth).
  1203 | D:2      | You fall into a shaft and drop 1 floor!
  1230 | D:3      | Noticed Ijyb
  1231 | D:3      | 1231 ||| Stepping ~*~*~tactically~*~*~ (hiding).
  1237 | D:3      | Found a white marble altar of Elyvilon.
  1239 | D:3      | HP: 1/28 [disintegration (10)]
  1242 | D:3      | Blown up by Ijyb

Levels and vault maps discovered:
D:1:      mrwooster_arrival_statue_2, layout_basic, chequers_hall_statues_y,
          minmay_quantized
D:2:      minmay_recursive_quarters, layout_loops_ring
D:3:      layout_rooms, elyvilon_altar_4, ebering_ecumenical_altar_mist,
          uniq_ijyb

Skill      XL: |  1  2  3  4 |
---------------+-------------+-----
Axes           | 2 3 4 |  4.3
Fighting       | |  3.2
Armour         | |  3.2
Shields        | |  3.2

Action                     |  1- 3 |  4- 6 || total
---------------------------+-------+-------++-------
  Melee: War axe           |   103 |    43 ||   146
    Use: Scroll            |     2 |       ||     2
 Armour: Scale mail        |    53 |    16 ||    69
  Dodge: Dodged            |    59 |    26 ||    85
  Block: Buckler           |    27 |    15 ||    42

Table legend:
 A = Non-vault XP
 B = Vault XP
 C = Vault XP percentage of total XP
 D = Non-vault monster count
 E = Vault monster count
 F = Vault count percentage of total count
                 A         B        C        D         E       F
            +---------+---------+-------+---------+---------+-------
      Total |      78 |      67 |  46.2 |      38 |      14 |  26.9
            +---------+---------+-------+---------+---------+-------
        D:1 |      42 |       9 |  17.6 |      24 |       4 |  14.3
        D:2 |      32 |      58 |  64.4 |      12 |      10 |  45.5
        D:3 |       4 |       0 |   0.0 |       2 |       0 |   0.0
            +---------+---------+-------+---------+---------+-------
